 Dungeon Crawl Stone Soup version 0.27-a0-789-g6bb3289e1e (webtiles) character file.

Game seed: 3870236548099028100

14695 rjrrt the Destroyer (level 11, -3/63 HPs)
             Began as a Deep Elf Fire Elementalist on Mar 26, 2021.
             Was a Believer of Vehumet.
             Killed from afar by Jorgrun (40 damage)
             ... with an iron shot
             ... on level 12 of the Dungeon.
             The game lasted 01:10:21 (15203 turns).

rjrrt the Destroyer (Deep Elf Fire Elementalist)   Turns: 15203, Time: 01:10:22

Health: -3/63      AC: 13    Str:  5    XL:     11   Next: 92%
Magic:  14/28      EV: 16    Int: 24    God:    Vehumet [**....]
Gold:   602        SH:  0    Dex: 15    Spells: 19/33 levels left

rFire    + . .     SeeInvis .   a - +8 whip "Fuitanif" {vorpal, Will+}
rCold    . . .     Faith    .   (no shield)
rNeg     . . .     Spirit   .   l - +2 robe {Will+}
rPois    .         Reflect  .   c - +2 helmet
rElec    .         Harm     .   o - +2 cloak
rCorr    .         Rampage  .   E - +2 pair of gloves
Will     +++..                  (no boots)
Stlth    ++........             (no amulet)
HPRegen  0.20/turn              t - ring of protection from fire
MPRegen  0.21/turn              (no ring)

@: no status effects
A: no striking features
a: Renounce Religion


You were on level 12 of the Dungeon.
You worshipped Vehumet.
Vehumet was pleased with you.
You visited 3 branches of the dungeon, and saw 14 of its levels.
You also visited: Ossuary.

You collected 738 gold pieces.
You spent 136 gold pieces at shops.

Inventory:

Hand Weapons
 a - the +8 whip "Fuitanif" (weapon) {vorpal, Will+}
   (You found it on level 5 of the Dungeon)

   It inflicts extra damage upon your enemies.
   It affects your willpower, your defense against some magical effects.
 s - the +3 falchion "Agats" {vorpal, *Noise rElec Str+2 Stlth+}
   (You found it on level 5 of the Dungeon)

   It inflicts extra damage upon your enemies.
   It affects your strength (+2).
   It insulates you from electricity.
   It may make noises in combat.
   It makes you more stealthy.
 A - a +2 trident of venom
 J - the +10 long sword of Utest {speed, Int+5}
   (You found it on level 10 of the Dungeon)

   Attacks with this weapon are significantly faster.
   It affects your intelligence (+5).
Missiles
 D - 147 stones (quivered)
Armour
 c - a +2 helmet (worn)
 l - a +2 robe of willpower (worn)
 o - a +2 cloak (worn)
 E - a +2 pair of gloves (worn)
Jewellery
 e - a ring of fire
 t - a ring of protection from fire (right hand)
 C - a ring of ice
Wands
 i - a wand of polymorph (11)
 r - a wand of mindburst (10)
 y - a wand of paralysis (3)
 I - a wand of acid (18)
Scrolls
 b - 2 scrolls of fog
 g - a scroll of vulnerability
 x - 2 scrolls of teleportation
 G - a scroll of amnesia
Potions
 d - 3 potions of heal wounds
 h - 4 potions of flight
 j - 4 potions of invisibility
 k - 3 potions of haste
 m - 2 potions of brilliance
 n - a potion of cancellation
 p - 3 potions of curing
 q - a potion of lignification
 v - 3 potions of magic
 w - 3 potions of ambrosia
 z - a potion of berserk rage {unknown}
 B - 3 potions of resistance
 H - a potion of mutation {unknown}
 K - 2 potions of might {unknown}


   Skills:
 - Level 5.0 Fighting
 + Level 8.1 Dodging
 - Level 2.4 Stealth
 + Level 11.5 Spellcasting
 * Level 13.0 Conjurations
 + Level 10.1 Fire Magic


You had 19 spell levels left.
You knew the following spells:

 Your Spells              Type           Power      Damage    Failure   Level
a - Foxfire               Conj/Fire      100%       2x1d9     1%          1
b - Sandblast             Erth           26%        2d8       4%          1
c - Sticky Flame          Conj/Fire      62%        2d8       1%          4
d - Fireball              Conj/Fire      31%        3d13      1%          5
B - Conjure Flame         Conj/Fire      62%        6-21      1%          3

Your spell library contained the following spells:

 Spells                   Type           Power      Damage    Failure   Level
 Static Discharge         Conj/Air       45%        N/A       1%          3
 Inner Flame              Hex/Fire       38%        N/A       1%          3


Dungeon Overview and Level Annotations

Branches:
Dungeon (12/15)            Temple (1/1) D:7            Lair (1/6) D:11
Ossuary (visited)
    Orc: D:9-12

Altars:
Ashenzari
Cheibriados
Dithmenos
Elyvilon
Fedhas
Gozag
Hepliaklqana
Kikubaaqudgha
Makhleb
Okawaru
Qazlal
Ru
Sif Muna
Trog
Vehumet
Wu Jian
Yredelemnul
Zin

Shops:
D:9 [   D:10 *

Annotations:
D:8 2 transporters
D:11 2 transporters, kairosrom117's ghost, journeyman MiFi
D:12 Jorgrun


Message History

You see here 8 curare-tipped darts.
As you open the door, it creaks loudly!
You hear a shout!
Some rock shatters into small pieces.
Jorgrun Earthshaker comes into view.
He is wielding a +0 vorpal quarterstaff.
Unknown command.
Jorgrun says, "May tha earth consume ye!"
Jorgrun gestures at you while chanting.
The stone door frame shatters!
The blast of rock fragments hits you!
Unknown command.
Casting: Fireball (dangerous; 1% risk of failure)
Confirm with . or Enter, or press ? or * to list all spells.
Aiming: Sticky Flame (safe; 1% risk of failure)
Press: ? - help, Shift-Dir - straight line, f - Jorgrun
Aim: Jorgrun, wielding a +0 vorpal quarterstaff and wearing a +0 robe (0% to evade)
The sticky flame hits Jorgrun!
Jorgrun is lightly wounded.
Jorgrun is covered in liquid flames!
Jorgrun burns!
Jorgrun barely misses you.
Unknown command.
Casting: Sticky Flame (safe; 1% risk of failure)
Confirm with . or Enter, or press ? or * to list all spells.
Aiming: Fireball (dangerous; 1% risk of failure)
Press: ? - help, Shift-Dir - straight line, p - Jorgrun The fireball explodes!
The fireball engulfs Jorgrun!!
Jorgrun is moderately wounded.
Jorgrun burns!
Jorgrun hits you with a +0 vorpal quarterstaff!
Unknown command.
Unknown command.
Unknown command.
Casting: Fireball (dangerous; 1% risk of failure)
Confirm with . or Enter, or press ? or * to list all spells.
Aiming: Fireball (dangerous; 1% risk of failure)
Press: ? - help, Shift-Dir - straight line The fireball explodes!
The fireball engulfs Jorgrun!!
Jorgrun is heavily wounded.
Jorgrun burns!
Jorgrun casts a spell at you. The iron shot hits you!!!
Ouch! That really hurt!
You die...

#..<..........# .
## #.............#
#.#
#......<......#
#.##......>...)..#
#.###########'###
#.# ######(..#
#.##^.....###
#...###### #'@##
#....g......
#...........
#...........
#...........
#...........
############


You could see Jorgrun (burning).

Vanquished Creatures
  Gastronok (D:10)
  Erolcha (D:10)
  3 two-headed ogres
  Pikel (D:5)
  2 unseen horrors (D:11)
  Psyche (D:10)
  2 trolls (D:11)
  3 hornets
  Grinder (D:4)
  Sigmund (D:3)
  11 yaks
  A wyvern (D:8)
  A steam dragon (D:9)
  Grum (D:10)
  2 vampire mosquitoes (D:11)
  2 water moccasins
  An acid dragon (D:9)
  A sky beast (D:6)
  A hornet zombie (D:6)
  4 orc warriors
  An ice beast (D:5)
  6 wolves
  2 ogres
  8 centaurs
  Blork the orc (D:6)
  2 elf zombies (Ossuary)
  2 phantoms
  2 kobold brigands
  4 bullfrogs
  3 gnoll sergeants
  A scorpion (D:5)
  12 killer bees
  4 electric eels
  2 howler monkeys
  2 centaur zombies
  A jelly (D:6)
  2 bullfrog skeletons
  A gnoll shaman (D:9)
  A bullfrog zombie (D:7)
  5 orc priests
  9 hounds
  Jessica (D:2)
  3 iguanas (D:5)
  Terence (D:2)
  13 orc wizards
  A killer bee zombie (D:5)
  2 hound skeletons
  3 mummies (Ossuary)
  18 gnolls
  A howler monkey skeleton (D:6)
  5 adders
  A shadow imp (D:7)
  A white imp (D:6)
  2 ufetubi
  A worm (D:2)
  3 dart slugs
  42 orcs
  3 bats
  3 endoplasms
  4 giant cockroaches
  2 gnoll zombies (D:2)
  7 goblins
  13 hobgoblins
  6 jackals (D:2)
  5 quokkas
  3 ball pythons
  3 frilled lizards
  3 goblin zombies (Ossuary)
  2 hobgoblin zombies (Ossuary)
  9 kobolds
  A kobold zombie (Ossuary)
  8 rats
282 creatures vanquished.

Vanquished Creatures (others)
  A goblin zombie (Ossuary)
  611 foxfires
  33 plants (D:9)
645 creatures vanquished.

Grand Total: 927 creatures vanquished

Notes
Turn   | Place    | Note
-------+----------+-------------------------------------------
     0 | D:1      | rjrrt the Deep Elf Fire Elementalist began the quest for
                  | the Orb.
     0 | D:1      | Reached XP level 1. HP: 10/10 MP: 6/6
   316 | D:1      | Reached XP level 2. HP: 15/15 MP: 6/8
   493 | D:1      | Reached skill level 2 in Conjurations
  1048 | D:2      | Reached XP level 3. HP: 13/19 MP: 5/10
  1229 | D:2      | Learned a level 3 spell: Conjure Flame
  1338 | D:2      | Noticed a moth of wrath
  1342 | D:2      | Found a bloodstained altar of Trog.
  1608 | D:2      | Noticed Terence
  1618 | D:2      | Killed Terence
  1619 | D:2      | Reached skill level 3 in Conjurations
  1619 | D:2      | Reached XP level 4. HP: 24/24 MP: 6/11
  1918 | D:2      | Noticed Jessica
  1936 | D:2      | Killed Jessica
  2344 | D:2      | Found a basalt altar of Yredelemnul.
  2364 | D:2      | Learned a level 4 spell: Sticky Flame
  2703 | D:3      | Found a broken altar of Ashenzari.
  2859 | D:3      | Noticed Sigmund
  2878 | D:3      | Killed Sigmund
  2879 | D:3      | Reached skill level 5 in Spellcasting
  2879 | D:3      | Reached skill level 4 in Conjurations
  2879 | D:3      | Reached XP level 5. HP: 2/28 MP: 5/14
  2879 | D:3      | Reached XP level 6. HP: 3/32 MP: 5/15
  3224 | D:3      | Learned a level 5 spell: Fireball
  3649 | D:3      | Reached skill level 5 in Conjurations
  3794 | D:3      | Found an ancient bone altar of Kikubaaqudgha.
  3959 | D:4      | Found a hazy altar of Hepliaklqana.
  4021 | D:4      | Reached skill level 5 in Fire Magic
  4093 | D:4      | Noticed Grinder
  4118 | D:4      | Killed Grinder
  4119 | D:4      | Reached skill level 6 in Conjurations
  4119 | D:4      | Reached XP level 7. HP: 28/36 MP: 10/18
  4765 | D:5      | Entered Level 5 of the Dungeon
  4773 | D:5      | Reached skill level 7 in Conjurations
  4844 | D:5      | Found a burning altar of Makhleb.
  4902 | D:5      | Reached XP level 8. HP: 41/41 MP: 15/20
  5021 | D:5      | Noticed Pikel
  5039 | D:5      | Killed Pikel
  5040 | D:5      | Reached skill level 8 in Conjurations
  5068 | D:5      | Identified the +8 whip "Fuitanif" {vorpal, Will+}
  5224 | D:5      | Found a sand-covered staircase.
  5229 | Ossuary  | Entered an ossuary
  6077 | D:5      | Reached skill level 9 in Conjurations
  6156 | D:5      | Identified the +3 falchion "Agats" {vorpal, *Noise rElec
                  | Str+2 Stlth+}
  6451 | D:5      | Reached XP level 9. HP: 45/45 MP: 17/23
  6522 | D:6      | Found a snail-covered altar of Cheibriados.
  6629 | D:6      | Noticed Blork the orc
  6668 | D:6      | Killed Blork the orc
  6869 | D:6      | Reached skill level 1 in Fighting
  8289 | D:7      | Reached skill level 10 in Conjurations
  8486 | D:7      | Found a staircase to the Ecumenical Temple.
  8497 | Temple   | Entered the Ecumenical Temple
  8514 | Temple   | Became a worshipper of Vehumet
  9165 | D:8      | Found a transporter.
  9172 | D:8      | Noticed a cyclops
  9172 | D:8      | Noticed a boulder beetle
  9173 | D:8      | Noticed a six-headed hydra
  9181 | D:8      | Identified the +0 helmet of Understanding {+Inv rC+ Regen+
                  | Dex+2}
  9197 | D:8      | Found an opulent altar of Gozag.
  9207 | D:8      | Found a transporter.
  9352 | D:8      | Reached XP level 10. HP: 54/54 MP: 19/25
  9617 | D:8      | Found an iron altar of Okawaru.
  9797 | D:9      | Found a white marble altar of Elyvilon.
  9928 | D:9      | Reached * piety under Vehumet
  9928 | D:9      | Offered knowledge of Sandblast by Vehumet.
  9929 | D:9      | Reached skill level 5 in Dodging
  9943 | D:9      | Learned a level 1 spell: Sandblast
 10150 | D:9      | Found a stormy altar of Qazlal.
 10232 | D:9      | Noticed a two-headed ogre
 10241 | D:9      | Killed a two-headed ogre
 10396 | D:9      | Found Hosoif Xudi's Antique Armour Boutique.
 10400 | D:9      | Reached skill level 11 in Conjurations
 10459 | D:9      | Bought a pair of gloves for 112 gold pieces
 10732 | D:9      | Reached skill level 10 in Spellcasting
 11399 | D:9      | Reached ** piety under Vehumet
 11399 | D:9      | Offered knowledge of Searing Ray by Vehumet.
 11666 | D:9      | Found a shadowy altar of Dithmenos.
 11706 | D:9      | Found an ornate altar of the Wu Jian Council.
 11990 | D:10     | Entered Level 10 of the Dungeon
 12183 | D:10     | Found Omoad's General Store.
 12203 | D:10     | Bought a scroll of identify for 24 gold pieces
 12247 | D:10     | Noticed Gastronok
 12265 | D:10     | Noticed Grum
 12266 | D:10     | Noticed Erolcha
 12547 | D:10     | Killed Grum
 12548 | D:10     | Reached XP level 11. HP: 61/61 MP: 15/27
 12585 | D:10     | Noticed Psyche
 12587 | D:10     | Killed Psyche
 12760 | D:10     | Killed Gastronok
 12761 | D:10     | Reached skill level 12 in Conjurations
 12992 | D:10     | Identified the +10 long sword of Utest {speed, Int+5}
 13126 | D:10     | Killed Erolcha
 13494 | D:11     | Noticed a two-headed ogre
 13500 | D:11     | Killed a two-headed ogre
 13802 | D:11     | Found a transporter.
 13919 | D:11     | Noticed kairosrom117's ghost (journeyman MiFi)
 14061 | D:11     | Noticed a two-headed ogre
 14073 | D:11     | Killed a two-headed ogre
 14210 | D:11     | Reached skill level 5 in Fighting
 14210 | D:11     | Reached skill level 10 in Fire Magic
 14349 | D:11     | Found a staircase to the Lair.
 14493 | D:11     | Found a transporter.
 14522 | D:11     | Identified the +5 long sword of Loran {drain, MP+9 Str+3
                  | Int-2}
 14648 | D:11     | Offered knowledge of Static Discharge by Vehumet.
 14746 | D:11     | Reached skill level 13 in Conjurations
 14881 | Lair:1   | Entered Level 1 of the Lair of Beasts
 14881 | Lair:1   | Noticed a four-headed hydra
 15200 | D:12     | Noticed Jorgrun
 15203 | D:12     | Killed from afar by Jorgrun

Illustrated notes

Levels and vault maps discovered:
D:1:      tarquinn_simple_flora_water_c, layout_loops_corners,
          due_unseen_surprise
D:2:      layout_basic, tgw_trog, lemuel_zombie_altar_yredelemnul,
          chequers_arboretum, uniq_terence, uniq_jessica
D:3:      layout_loops_cross, general_overflow_altar,
          chequers_hall_statues_corner_a, cheibrodos_ashenzari_chains,
          uniq_sigmund
D:4:      layout_basic, nzn_hepliaklqana_mist_gate, uniq_grinder
D:5:      layout_loops_ring, kennysheep_mini, enter_ossuary_2, uniq_pikel
D:6:      layout_rooms, lemuel_doored_altar, uniq_blork_the_orc
D:7:      layout_rooms, minmay_temple_entry_poolview
D:8:      layout_rooms, marbit_many_paths, gammafunk_temple_overflow_arena
D:9:      kennysheep_housing_project, layout_basic,
          nicolae_dithmenos_the_darkroom, grunt_qazlal_clouds,
          nicolae_elyvilon_peaceful_grove, lemuel_round_altar,
          kennysheep_small_circle
D:10:     layout_rooms, serial_shops, shop, uniq_psyche, uniq_grum,
          uniq_gastronok, uniq_erolcha
D:11:     layout_cave_pools, erik_lair_island, gammafunk_ghost_hive
D:12:     layout_roguey, erik_orc_2, uniq_nessos, uniq_jorgrun, uniq_josephine
Temple:   compressed_dpeg_circular_temple
Lair:1:   layout_misc_corridors, grunt_megastairs_1, lemuel_fruit_fields,
          uniq_erica

Skill      XL: |  1  2  3  4  5  6  7  8  9 10 11 |
---------------+----------------------------------+-----
Conjurations   | 2 3 4 6 7 9 10 11 13 | 13.0
Spellcasting   | 5 6 8 9 10 11 | 11.5
Fire Magic     | 4 5 6 7 8 9 10 | 10.1
Dodging        | 4 6 8 |  8.1
Fighting       | 2 4 5 |  5.0
Stealth        | |  2.4

Action                   |  1- 3 |  4- 6 |  7- 9 | 10-12 || total
-------------------------+-------+-------+-------+-------++-------
Melee: Short sword       |     9 |     1 |       |       ||    10
       Dagger            |       |     7 |       |       ||     7
       Trident           |       |     1 |     3 |       ||     4
       Whip              |       |       |    32 |    39 ||    71
Throw: Dart              |     1 |       |       |       ||     1
 Cast: Foxfire           |    52 |    77 |   188 |    83 ||   400
       Sticky Flame      |       |     3 |    26 |    40 ||    69
       Conjure Flame     |       |     2 |     8 |     1 ||    11
       Fireball          |       |       |    12 |    69 ||    81
Evoke: Wand              |       |       |     3 |     6 ||     9
  Use: Scroll            |       |    10 |    13 |     6 ||    29
       Potion            |       |       |     1 |       ||     1
Armor: Robe              |     3 |     3 |    16 |    45 ||    67
Dodge: Dodged            |    10 |    18 |    49 |    91 ||   168

Table legend: (Time is in decaauts)
 A = Elapsed time spent in this place.
 B = Non-inter-level travel time spent in this place.
 C = Inter-level travel time spent in this place.
 D = Time resting spent in this place.
 E = Time spent auto-exploring this place.
 F = Levels seen in this place.
 G = Mean time per level.
                   A        B        C        D        E       F      G
               +--------+--------+--------+--------+--------+-----+--------+
         Total |  15238 |  14458 |    780 |   4036 |   5548 |  15 | 1015.9 |
       Dungeon |  14365 |  13601 |    764 |   3753 |   5260 |  12 | 1197.1 |
        Temple |     34 |     18 |     16 |      0 |      0 |   1 |   34.0 |
          Lair |      1 |      1 |      0 |      0 |      0 |   1 |    1.0 |
       Ossuary |    836 |    836 |      0 |    283 |    288 |   1 |  836.0 |
               +--------+--------+--------+--------+--------+-----+--------+

Top non-repeatable levels by time:
     D:9: 2550 daAuts
     D:2: 1567 daAuts
     D:3: 1419 daAuts
     D:7: 1357 daAuts
    D:11: 1324 daAuts
    D:10: 1248 daAuts
     D:5: 1018 daAuts
     D:8: 964 daAuts
     D:1: 943 daAuts
     D:6: 855 daAuts
     D:4: 837 daAuts
 Ossuary: 836 daAuts
    D:12: 278 daAuts
  Temple: 34 daAuts
  Lair:1: 1 daAuts
